 Dungeon Crawl Stone Soup version 0.31-a0-986-g5e6e4ef867 (webtiles) character file.

Game seed: 4340340420673722679

183 wildpjah the Ducker (level 5, -2/41 HPs)
             Began as a Merfolk Gladiator on Nov 15, 2023.
             Slain by an orc wizard
             ... wielding a +3 dagger
              (4 damage)
             ... on level 3 of the Dungeon.
             The game lasted 00:09:58 (2553 turns).

wildpjah the Ducker (Merfolk Gladiator)             Turns: 2553, Time: 00:09:59

Health: -2/41      AC:  7    Str: 14    XL:     5   Next: 62%
Magic:  5/5        EV: 13    Int:  7    God:
Gold:   266        SH:  0    Dex: 18    Spells: 4/4 levels left

rFire   . . .        i - +2 short sword (speed)
rCold   . . .        (no shield)
rNeg    . . .        y - +1 ring mail {rPois}
rPois   +            c - +0 helmet
rElec   .            (no cloak)
rCorr   .            (no gloves)
SInv    .            (no boots)
Will    .....        (no amulet)
Stlth   +            (no ring)
HPRegen 0.26/turn    (no ring)
MPRegen 0.09/turn

%: no passive effects
@: no status effects
A: (nimble swimmer 2), mertail
a: no special abilities


You were on level 3 of the Dungeon.
You visited 1 branch of the dungeon, and saw 4 of its levels.

You collected 266 gold pieces.

Inventory:

Hand Weapons
 a - a +0 long sword
 i - a +2 short sword of speed (weapon)
 q - a +0 dagger of draining
 v - a +2 mace of holy wrath
Missiles
 d - 3 throwing nets
Armour
 b - a +0 leather armour
 c - a +0 helmet (worn)
 y - a +1 ring mail of poison resistance (worn)
Jewellery
 u - a +5 ring of evasion
 x - a +6 ring of intelligence
Scrolls
 g - a scroll of enchant armour {unknown}
 h - 5 scrolls of identify {unknown}
 k - a scroll of brand weapon {unknown}
 l - a scroll of blinking {unknown}
 n - a scroll of summoning {unknown}
 o - a scroll of revelation {unknown}
 r - a scroll of vulnerability {unknown}
 s - a scroll of noise {unknown}
 t - 2 scrolls of teleportation {unknown}
Potions
 f - 2 potions of heal wounds {unknown}
 j - a potion of haste {unknown}
 m - a potion of ambrosia {unknown}
 p - a potion of mutation {unknown}
 w - a potion of cancellation {unknown}


   Skills:
 * Level 3.6 Fighting
 + Level 2.5(3.8) Short Blades
 + Level 4.3(4.7) Long Blades
 + Level 2.1 Throwing
 + Level 1.0 Armour
 * Level 5.1 Dodging
 + Level 0.6 Stealth


You had 4 spell levels left.
You didn't know any spells.
Your spell library contained the following spells:

 Spells                   Type           Power      Damage    Failure   Level
 Kiss of Death            Conj/Necr      0%         2d5       67%         1
 Magic Dart               Conj           0%         1d3       67%         1
 Call Imp                 Summ           0%         N/A       82%         2
 Confusing Touch          Hex            0%         N/A       96%         3
 Mephitic Cloud           Conj/Pois/Air  0%         N/A       96%         3
 Tukima's Dance           Hex            0%         N/A       96%         3
 Dispel Undead            Necr           0%         3d6       100%        4
 Passage of Golubria      Tloc           0%         N/A       100%        4
 Yara's Violent Unravell  Hex/Tmut       0%         3d3       100%        5
 Conjure Ball Lightning   Conj/Air       0%         3x3d6     100%        6
 Discord                  Hex            0%         N/A       100%        8
 Disjunction              Tloc           0%         N/A       100%        8


Dungeon Overview and Level Annotations

Branches:
Dungeon (4/15)
 Temple: D:4-7

Altars:
Makhleb
Sif Muna
Uskayaw
Yredelemnul


Innate Abilities, Weirdness & Mutations

((You are very nimble when in or above water. (Stealth+, EV+, Speed+++)))
Your lower body shifts to a powerful aquatic tail in water.


Message History

The magic dart hits you! Something completely misses you.
You hit something but do no damage. You miss something. Something hits you.
Something hits you but does no damage. Something hits you.
You miss something. Something hits you but does no damage.
You hit something but do no damage. Something hits you but does no damage.
Something hits you.
You hear some strange, mumbled words.
A puff of flame appears from out of thin air!
The puff of flame misses you.
You're too confused to move!
Something hits you but does no damage. Something hits you.
Something hits you but does no damage. x2
You're too confused to move!
Something barely misses you. Something hits you.
You feel less confused.
Something hits you but does no damage. x2
Something hits you but does no damage. Something hits you but does no damage.
There is a stone staircase leading up here.
Something hits you.
* * * LOW HITPOINT WARNING * * *
You climb upwards.
Reactivating autopickup.
There is a stone staircase leading down here.
Deactivating autopickup; reactivate with Ctrl-A.
You closely miss something.
Something hits you but does no damage. x2
You completely miss something.
You hear some strange, mumbled words.
Something tries to affect you, but you resist.
You hit something. Something hits you.
* * * LOW HITPOINT WARNING * * *
You hit something. Something hits you.
* * * LOW HITPOINT WARNING * * *
You hit something. Something hits you but does no damage.
You hit something. Something hits you.
* * * LOW HITPOINT WARNING * * *
You hit something. Something hits you but does no damage.
You barely miss something. Something hits you.
You die...

......<.#.###..........##.#
####....#.....######......#
######........# ##.#####
..............# #..#
##########....# ##.##
#....# #..# #....### #.##
####..{###.# #...@{..#
#########


There were no monsters in sight!

Vanquished Creatures
  An orc priest (D:4)
  Jessica (D:2)
  An orc wizard (D:4)
  2 adders (D:2)
  2 worms
  4 dart slugs
  4 orcs (D:4)
  6 endoplasms
  A giant cockroach (D:1)
  11 goblins
  7 hobgoblins
  2 jackals (D:1)
  4 kobolds
  2 quokkas
  2 ball pythons (D:1)
  6 bats
  3 frilled lizards
  5 rats
64 creatures vanquished.

Notes
Turn   | Place    | Note
-------+----------+-------------------------------------------
     0 | D:1      | wildpjah the Merfolk Gladiator began the quest for the Orb.
     0 | D:1      | Reached XP level 1. HP: 16/16 MP: 1/1
   116 | D:1      | Reached XP level 2. HP: 22/22 MP: 2/2
   341 | D:1      | Found a faded altar of an unknown god.
   583 | D:1      | Reached XP level 3. HP: 28/28 MP: 3/3
  1008 | D:2      | Found a shimmering blue altar of Sif Muna.
  1089 | D:2      | Reached skill level 1 in Short Blades
  1165 | D:2      | Reached XP level 4. HP: 6/34 MP: 4/4
  1298 | D:2      | Noticed Jessica
  1307 | D:2      | Killed Jessica
  1745 | D:3      | Found a hide-covered altar of Uskayaw.
  1771 | D:3      | Identified the +4 short sword of the Girdle {venom, rN+
                  | Will+ rCorr Str-5}
  2033 | D:3      | Reached XP level 5. HP: 41/41 MP: 5/5
  2084 | D:3      | Found a burning altar of Makhleb.
  2084 | D:3      | Found a basalt altar of Yredelemnul.
  2285 | D:4      | Reached skill level 5 in Dodging
  2302 | D:4      | Reached skill level 1 in Armour
  2551 | D:3      | HP: 2/41 [something (6)]
  2553 | D:3      | Slain by an orc wizard

Illustrated notes

Levels and vault maps discovered:
D:1:      roderic_chinese_lattice_arrival, layout_basic,
          ebering_ecumenical_altar_hall, roderic_lattice_a
D:2:      kennysheep_the_goblin_king, layout_rooms, basic_altar, uniq_jessica
D:3:      layout_basic, jmf_multi_god_temple,
          mainiacjoe_overflow_small_starburst, grunt_ministairs_9
D:4:      layout_cave_pools, grunt_temple_overflow_diamond, uniq_blork_the_orc,
          uniq_grinder

Skill      XL: |  1  2  3  4  5 |
---------------+----------------+-----
Long Blades    | 4 |  4.3
Short Blades   | 1 2 |  2.5
Fighting       | 3 |  3.6
Dodging        | 5 |  5.1
Armour         | 1 |  1.0
Throwing       | |  2.1
Stealth        | |  0.6

Action                     |  1- 3 |  4- 6 || total
---------------------------+-------+-------++-------
  Melee: Long sword        |    29 |       ||    29
         Punch             |     2 |     1 ||     3
         Short sword       |    74 |   146 ||   220
  Throw: Javelin           |       |     2 ||     2
    Use: Potion            |     1 |       ||     1
   Stab: Sleeping          |     2 |     3 ||     5
 Armour: Leather armour    |    44 |    18 ||    62
         Ring mail         |       |    54 ||    54
  Dodge: Dodged            |    77 |    58 ||   135

Table legend: (Time is in decaauts)
 A = Elapsed time spent in this place.
 B = Non-inter-level travel time spent in this place.
 C = Inter-level travel time spent in this place.
 D = Time resting spent in this place.
 E = Time spent auto-exploring this place.
 F = Levels seen in this place.
 G = Mean time per level.
                   A        B        C        D        E       F      G
               +--------+--------+--------+--------+--------+-----+--------+
         Total |   2474 |   2264 |    210 |    109 |   1649 |   4 |  618.5 |
       Dungeon |   2474 |   2264 |    210 |    109 |   1649 |   4 |  618.5 |
               +--------+--------+--------+--------+--------+-----+--------+

Top non-repeatable levels by time:
     D:1: 956 daAuts
     D:3: 763 daAuts
     D:2: 616 daAuts
     D:4: 138 daAuts
